 Dungeon Crawl Stone Soup version 0.21.1-1-g345015fe64 (webtiles) character file.

2718 NullDivider the Covert (level 9, -3/63 HPs)
             Began as an Octopode Assassin on May 5, 2018.
             Was an Initiate of Gozag.
             Slain by a hippogriff (8 damage)
             ... on level 7 of the Dungeon.
             The game lasted 00:30:50 (7171 turns).

NullDivider the Covert (Octopode Assassin)          Turns: 7171, Time: 00:30:52

Health: -3/63      AC:  1    Str: 11    XL:     9   Next: 66%
Magic:  9/9        EV: 18    Int: 13    God:    Gozag
Gold:   1214       SH:  0    Dex: 19    Spells: 8/8 levels left

rFire    . . .     SeeInvis .   e - +2 dagger (flame)
rCold    + . .     Gourm    .   (no shield)
rNeg     . . .     Faith    .   (helmet restricted)
rPois    .         Spirit   .   (no amulet)
rElec    .         Reflect  .   s - ring of protection from cold
rCorr    +         Harm     .   l - ring of resist corrosion
MR       .....                  B - ring of flight
Stlth    +++++.....             C - +3 ring of dexterity
HPRegen  0.20/turn              (no ring)
MPRegen  0.11/turn              (no ring)
                                (no ring)
                                (no ring)

@: no status effects
A: almost no armour, stealthy swim, amphibious, 8 rings, constrict 8, camouflage
1, gelatinous body 1
a: Potion Petition, Call Merchant, Bribe Branch, Renounce Religion, Evoke Flight


You were on level 7 of the Dungeon.
You worshipped Gozag.
Gozag was most pleased with you.
You were very hungry.

You visited 1 branch of the dungeon, and saw 7 of its levels.
You also visited: Sewer.

You collected 1258 gold pieces.
You paid 44 gold pieces to Gozag.

Inventory:

Hand Weapons
 a - a +2 dagger
 b - a +0 blowgun
 e - a +2 dagger of flaming (weapon)
Missiles
 c - 23 poisoned needles (quivered)
 d - 2 curare-tipped needles
 o - 5 silver javelins
Jewellery
 l - a ring of resist corrosion (right tentacle)
 s - a ring of protection from cold (left tentacle)
 B - a ring of flight (on tentacle)
 C - a +3 ring of dexterity (on tentacle)
Wands
 g - a wand of flame (38)
 z - a wand of scattershot (7)
Scrolls
 j - 7 scrolls of teleportation
 k - 4 scrolls of fear
 q - 2 scrolls of enchant weapon
 r - 3 scrolls of blinking
 u - 2 scrolls of acquirement {unknown}
 w - a scroll of magic mapping {unknown}
 y - 2 scrolls of remove curse
 D - a scroll of brand weapon {unknown}
 E - a scroll of identify
Potions
 h - 2 potions of haste {unknown}
 i - 2 potions of curing
 m - 2 potions of invisibility
 n - 8 potions of flight
 p - a potion of mutation {unknown}
 t - 2 potions of agility {unknown}
 v - a potion of brilliance {unknown}
 x - a potion of lignification {unknown}
 A - a potion of ambrosia {unknown}
Comestibles
 f - 10 rations


   Skills:
 * Level 6.8 Fighting
 * Level 6.6 Short Blades
 + Level 4.8 Throwing
 * Level 6.5 Dodging
 + Level 8.3 Stealth


You had 8 spell levels left.
You didn't know any spells.

Dungeon Overview and Level Annotations

Branches:
Dungeon (7/15)             Temple (0/1) D:6

Altars:
Dithmenos
Gozag
Kikubaaqudgha
Makhleb
Qazlal
Ru
Trog
Uskayaw
Vehumet
Xom
Zin
The Shining One

Shops:
D:6 :


Innate Abilities, Weirdness & Mutations

You cannot wear most types of armour.
You are very stealthy in the water. (Stealth+)
You are amphibious.
You can wear up to eight rings at the same time.
You can use your tentacles to constrict eight enemies at once.
Your skin changes colour to match your surroundings (Stealth+).
Your rubbery body absorbs attacks. (AC +1, EV +1)


Message History

* * * LOW HITPOINT WARNING * * *
You feel better. The hippogriff completely misses you.
The hippogriff closely misses you. x2
You barely miss the hippogriff.
The hippogriff is moderately wounded.
The hippogriff bites you!
* * * LOW HITPOINT WARNING * * *
The hippogriff closely misses you. The hippogriff claws you.
* * * LOW HITPOINT WARNING * * *
You hit the hippogriff. You burn the hippogriff.
The hippogriff is moderately wounded.
You hit the hippogriff but do no damage.
The hippogriff is moderately wounded.
The hippogriff bites you.
* * * LOW HITPOINT WARNING * * *
The hippogriff pecks you.
* * * LOW HITPOINT WARNING * * *
The hippogriff claws you!
You die...
Your body crumbles into a pile of gold.

############# #...!.........
###...#.H.#...#
#......@...).[.
#)#...#...#...#
##$$.$......$...
#..############ ##.....#
#......# .. #......# ####
..#......# #...
###.###...#################...


You could see a hippogriff.

Vanquished Creatures
  Grinder (D:5)
  A hippogriff (D:7)
  Sigmund (D:2)
  A hungry ghost (D:7)
  2 phantoms
  An ogre (D:4)
  A black bear (D:6)
  2 centaurs (D:6)
  3 big kobolds (Sewer)
  Blork the orc (D:4)
  A bullfrog (D:7)
  A scorpion (D:6)
  A vampire bat (D:5)
  2 howler monkeys (D:6)
  2 crimson imps
  2 jellies
  2 centaur skeletons (D:7)
  An orc wizard (D:7)
  A bullfrog skeleton (D:7)
  4 hounds
  Terence (D:2)
  2 iguanas (D:5)
  7 worker ants
  Natasha (thrice) (D:3)
  A hound skeleton (D:5)
  Robin (D:2)
  12 adders
  3 gnolls (D:7)
  A river rat (Sewer)
  A shadow imp (D:7)
  2 oozes
  2 adder skeletons
  6 worms
  6 leopard geckos
  16 orcs
  5 bat skeletons (D:5)
  2 bat zombies (D:5)
  8 giant cockroaches
  13 goblins
  11 hobgoblins
  11 jackals
  3 quokkas
  3 ball pythons
  8 bats
  4 frilled lizards
  A jackal skeleton (D:5)
  14 kobolds
  A leopard gecko skeleton (D:6)
  2 quokka skeletons
  15 rats
196 creatures vanquished.

Notes
Turn   | Place    | Note
-------+----------+-------------------------------------------
     0 | D:1      | NullDivider the Octopode Assassin began the quest for the Orb.
     0 | D:1      | Reached XP level 1. HP: 14/14 MP: 1/1
   147 | D:1      | Reached XP level 2. HP: 19/19 MP: 2/2
  1070 | D:2      | Noticed Sigmund
  1081 | D:1      | Reached XP level 3. HP: 15/25 MP: 3/3
  1390 | D:2      | Noticed Terence
  1393 | D:2      | Killed Sigmund
  1393 | D:2      | Reached XP level 4. HP: 9/31 MP: 4/4
  1393 | D:2      | Reached XP level 5. HP: 10/36 MP: 5/5
  1407 | D:2      | Noticed Robin
  1408 | D:2      | Killed Terence
  1762 | D:2      | Reached XP level 6. HP: 40/42 MP: 6/6
  1780 | D:2      | Killed Robin
  1781 | D:2      | Reached skill level 6 in Stealth
  1811 | D:2      | Found a glowing silver altar of Zin.
  2493 | D:3      | Found a bloodstained altar of Trog.
  2493 | D:3      | Found an opulent altar of Gozag.
  2493 | D:3      | Found a hide-covered altar of Uskayaw.
  2493 | D:3      | Found a sacrificial altar of Ru.
  2503 | D:3      | Became a worshipper of Gozag Ym Sagoz the Greedy
  2519 | D:3      | Noticed Natasha
  2526 | D:3      | Killed Natasha
  2660 | D:3      | Found a glowing golden altar of the Shining One.
  2805 | D:3      | Noticed Natasha
  2810 | D:3      | Killed Natasha
  3015 | D:3      | Noticed Natasha
  3024 | D:3      | Killed Natasha
  3382 | D:4      | Found a burning altar of Makhleb.
  3385 | D:4      | Reached XP level 7. HP: 48/48 MP: 7/7
  3574 | D:4      | Found a shimmering altar of Xom.
  3868 | D:4      | Found a glowing drain.
  3872 | Sewer    | Entered a sewer
  4406 | D:5      | Entered Level 5 of the Dungeon
  4458 | D:5      | Reached XP level 8. HP: 51/54 MP: 8/8
  4464 | D:5      | Noticed Blork the orc
  4467 | D:5      | Noticed Grinder
  4474 | D:5      | Paralysed by Grinder for 3 turns
  4495 | D:4      | Killed Blork the orc
  4495 | D:4      | Reached skill level 7 in Stealth
  4513 | D:4      | Reached skill level 5 in Fighting
  4745 | D:5      | Paralysed by Grinder for 4 turns
  4758 | D:5      | Paralysed by Grinder for 3 turns
  4763 | D:5      | Killed Grinder
  4763 | D:5      | Reached skill level 5 in Short Blades
  4763 | D:5      | Reached skill level 5 in Dodging
  5001 | D:5      | Found a stormy altar of Qazlal.
  5060 | D:5      | Found a radiant altar of Vehumet.
  5265 | D:5      | Found an ancient bone altar of Kikubaaqudgha.
  5737 | D:6      | Found Siogg's Book Shop.
  5839 | D:6      | Found a shadowy altar of Dithmenos.
  5842 | D:6      | Reached XP level 9. HP: 62/62 MP: 9/9
  5873 | D:6      | Found a staircase to the Ecumenical Temple.
  6498 | D:7      | Reached skill level 8 in Stealth
  7171 | D:7      | Slain by a hippogriff

Skill      XL: |  1  2  3  4  5  6  7  8  9 |
---------------+----------------------------+-----
Fighting       | 3 4 6 |  6.8
Short Blades   | 3 4 5 6 |  6.6
Dodging        | 2 3 4 5 6 |  6.5
Stealth        | 6 7 8 |  8.3
Throwing       | 3 4 |  4.8

Action                   |  1- 3 |  4- 6 |  7- 9 || total
-------------------------+-------+-------+-------++-------
Melee: Dagger            |    59 |   127 |   293 ||   479
       Constrict         |     6 |    30 |    50 ||    86
       Tentacles         |     5 |    32 |    60 ||    97
 Fire: Blowgun           |       |     2 |     4 ||     6
Evoke: Wand              |       |       |     1 ||     1
  Use: Scroll            |     1 |     7 |     4 ||    12
       Potion            |       |       |     3 ||     3
 Stab: Sleeping          |    11 |    13 |    37 ||    61
       Distracted        |       |       |     5 ||     5
  Eat: Chunk             |     1 |     3 |     1 ||     5
       Ration            |       |     1 |     3 ||     4
Armor: Skin              |     4 |     6 |     6 ||    16
Dodge: Dodged            |    25 |    77 |   158 ||   260
